AoeStats
← 5323717

Arena

510266927Analyzed
3v3 RM · 1d ago on Sep 30, 2026· 44m 5s· 6 players
Game mode
Random Map
Map size
Normal (6 player)
Population
200
Speed
Normal
Resources
Standard
Victory
Conquest
Starting age
Dark Age
Ending age
Imperial Age
RankedLock teamsTeams togetherTeam positionsShared explorationLock speedFull tech treeHidden civsTurbo modeCheats
Victory
Defeat
🇺🇸 Inca · United States
956
+16
🇳🇱 Malians · Netherlands
951
+16
🇨🇳 Cumans · China
912
+18
🇦🇷 Huns · Argentina
1130
-24
🇨🇳 Chinese · China
914
-42
🇵🇬 Vikings · Papua New Guinea
809
-11
Johnley oner
0:28 Loom
11:16 Feudal Age
12:35 Wheelbarrow
11:49 Double-Bit Axe
11:46 Horse Collar
20:48 Castle Age
19:14 Stone Mining
19:34 Gold Mining
22:28 Hand Cart
22:30 Bow Saw
22:23 Heavy Plow
23:05 Stone Shaft Mining
24:12 Forging
24:03 Scale Mail Armor
23:54 Fletching
24:18 Murder Holes
30:07 Gold Shaft Mining
31:10 Chain Mail Armor
31:31 Iron Casting
31:55 Squires
33:59 Bodkin Arrow
37:09 Imperial Age
35:55 Arson
37:53 Elite Kamayuk
38:54 Conscription
38:35 Fabric Shields
39:41 Blast Furnace
39:11 Plate Mail Armor
42:42 Ballistics
42:34 Fortified Wall
43:27 Chemistry
42:09 Treadmill Crane
44:20 Crop Rotation
sfdejonge
5:02 Loom
11:57 Feudal Age
13:53 Double-Bit Axe
14:37 Gold Mining
17:03 Castle Age
15:38 Horse Collar
18:23 Wheelbarrow
18:30 Bow Saw
20:35 Heavy Plow
22:20 Light Cavalry
25:30 Hand Cart
25:15 Stone Mining
26:44 Bloodlines
33:30 Imperial Age
31:21 Forging
31:17 Scale Barding Armor
31:48 Fletching
33:03 Husbandry
33:39 Iron Casting
33:25 Chain Barding Armor
34:21 Tigui
35:05 Farimba
35:04 Bodkin Arrow
35:10 Scale Mail Armor
35:45 Crop Rotation
34:46 Cavalier
36:08 Masonry
37:29 Chain Mail Armor
38:03 Plate Barding Armor
38:38 Elite Gbeto
40:26 Plate Mail Armor
40:20 Conscription
42:25 Squires
42:10 Arson
76561198104589261
2:26 Loom
10:54 Feudal Age
13:24 Double-Bit Axe
17:55 Castle Age
19:14 Wheelbarrow
19:25 Bow Saw
22:03 Hand Cart
21:58 Horse Collar
22:10 Gold Mining
22:12 Stone Mining
29:55 Imperial Age
30:29 Pikeman
34:18 Halberdier
38:27 Conscription
40:50 Scale Barding Armor
40:56 Forging
42:54 Elite Steppe Lancer
43:46 Bloodlines
43:28 Fletching
43:59 Chain Barding Armor
43:42 Squires
43:27 Arson
John G
8:23 Loom
12:36 Feudal Age
17:43 Castle Age
16:37 Double-Bit Axe
16:35 Horse Collar
18:34 Gold Mining
18:52 Scale Barding Armor
21:52 Forging
39:06 Wheelbarrow
40:13 Husbandry
41:12 Hand Cart
41:09 Bow Saw
41:01 Heavy Plow
5323717
15:45 Feudal Age
15:57 Feudal Age
17:16 Wheelbarrow
16:29 Double-Bit Axe
16:27 Horse Collar
17:04 Gold Mining
22:54 Castle Age
24:19 Hand Cart
24:43 Gold Shaft Mining
24:21 Bow Saw
24:14 Heavy Plow
29:44 Imperial Age
27:58 Forging
27:48 Scale Mail Armor
27:54 Scale Barding Armor
30:01 Coinage
30:16 Husbandry
30:32 Bloodlines
29:45 Light Cavalry
29:47 Cavalier
30:33 Stone Mining
32:20 Two-Man Saw
32:01 Caravan
33:31 Banking
36:52 Elite Skirmisher
37:38 Thumb Ring
36:54 Crossbowman
38:28 Stone Shaft Mining
39:06 Iron Casting
38:47 Chain Mail Armor
38:53 Chain Barding Armor
38:34 Padded Archer Armor
39:32 Fletching
43:15 Arbalester
LyricLearner240
2:45 Loom
11:22 Feudal Age
11:53 Double-Bit Axe
12:17 Stone Mining
13:10 Horse Collar
15:56 Gold Mining
20:06 Castle Age
18:21 Fletching
19:06 Padded Archer Armor
20:59 Forging
20:48 Crossbowman
24:00 Bodkin Arrow
26:33 Leather Archer Armor
34:19 Town Watch
37:16 Imperial Age
Connection lost

Rejoining the realm…

Still unreachable

The connection could not be restored.

Session expired

The server has moved on; the page needs a fresh start.